 Dungeon Crawl Stone Soup version 0.30.1-9-gdf580d7c3d (webtiles) character file.

Game seed: 3229503363259987419

1111 lonewolfV2 the Spear-Bearer (level 8, -2/67 HPs)
             Began as a Merfolk Fighter on Oct 23, 2023.
             Was an Initiate of Dithmenos.
             Slain by an orc warrior
             ... wielding a +0 mace
              (3 damage)
             ... on level 6 of the Dungeon.
             The game lasted 00:10:48 (6178 turns).

lonewolfV2 the Spear-Bearer (Merfolk Fighter)       Turns: 6178, Time: 00:10:48

Health: -2/67      AC:  7    Str: 19    XL:     8   Next: 33%
Magic:  10/10      EV:  8    Int:  7    God:    Dithmenos [......]
Gold:   252        SH:  9    Dex: 13    Spells: 7/7 levels left

rFire   + . .        a - +1 trident
rCold   . . .        m - +0 kite shield
rNeg    . . .        b - +0 scale mail
rPois   .            (no helmet)
rElec   .            (no cloak)
rCorr   .            (no gloves)
SInv    .            s - +0 pair of boots
Will    .....        (no amulet) Stlth
                     r - ring of protection from fire
HPRegen 0.31/turn    o - ring of flight
MPRegen 0.12/turn

%: no passive effects
@: flying
A: (nimble swimmer 2), mertail
a: Renounce Religion


You were on level 6 of the Dungeon.
You worshipped Dithmenos.
Dithmenos was noncommittal.
You visited 2 branches of the dungeon, and saw 7 of its levels.

You collected 252 gold pieces.

Inventory:

Hand Weapons
 a - a +1 trident (weapon)
Armour
 b - a +0 scale mail (worn)
 c - a +0 buckler
 m - a +0 kite shield (worn)
 s - a +0 pair of boots (worn)
Jewellery
 n - a ring of wizardry
 o - a ring of flight (right hand)
 r - a ring of protection from fire (left hand)
Wands
 d - a wand of flame (25)
Scrolls
 f - 3 scrolls of enchant weapon
 g - 6 scrolls of teleportation
 k - a scroll of noise
 v - a scroll of poison
Potions
 e - 3 potions of mutation
 h - 4 potions of heal wounds {unknown}
 i - a potion of invisibility {unknown}
 j - a potion of resistance {unknown}
 l - a potion of cancellation {unknown}
 q - 2 potions of degeneration
 u - a potion of brilliance {unknown}


   Skills:
 - Level 7.0 Fighting
 + Level 8.5 Polearms
 - Level 2.1 Armour
 + Level 4.4 Shields
 * Level 3.1 Invocations


You had 7 spell levels left.
You didn't know any spells.
Your spell library was empty.

Dungeon Overview and Level Annotations

Branches:
Dungeon (6/15)             Temple (1/1) D:4

Altars:
Ashenzari
Cheibriados
Dithmenos
Elyvilon
Gozag
Hepliaklqana
Kikubaaqudgha
Makhleb
Nemelex Xobeh
Okawaru
Qazlal
Ru
Trog
Uskayaw
Vehumet
Wu Jian
Xom
Zin
The Shining One

Shops:
D:2 [   D:5 ?


Innate Abilities, Weirdness & Mutations

((You are very nimble when in or above water. (Stealth+, EV+, Speed+++)))
Your lower body shifts to a powerful aquatic tail in water.


Message History

The orc wizard hits you with a +0 dagger.
The orc warrior hits you with a +0 mace!
An orc comes into view. It is wielding a +0 falchion.
The orc shouts!
You puncture the orc!
You kill the orc!
Dithmenos accepts your kill.
The orc warrior hits you with a +0 mace!
The orc warrior attacks as you move away!
The orc warrior hits you with a +0 mace.
Found a robe.
The orc wizard hits you but does no damage.
The orc warrior attacks as you move away!
The orc warrior barely misses you.
The orc wizard attacks as you move away!
The orc wizard hits you with a +0 dagger.
The orc warrior hits you with a +0 mace.
The orc wizard points at you and mumbles some strange words.
The puff of flame hits you. You resist.
You're too confused to move!
You hit the orc wizard.
The orc wizard is lightly wounded.
You feel less confused.
The orc warrior hits you with a +0 mace!
* * * LOW HITPOINT WARNING * * *
You block the orc wizard's attack.
You puncture the orc warrior!
The orc warrior is moderately wounded.
The orc warrior hits you with a +0 mace.
* * * LOW HITPOINT WARNING * * *
The orc wizard barely misses you.
You hit the orc warrior but do no damage.
The orc warrior is moderately wounded.
The orc warrior hits you with a +0 mace!
* * * LOW HITPOINT WARNING * * *
You block the orc wizard's attack.
You hit the orc warrior but do no damage.
The orc warrior is moderately wounded.
The orc warrior hits you with a +0 mace.
You die...

..............###..
.[..............#.#
..................#
..................#
...................
...................
...................
.......oo.o........
#.#....@#.)#.......
#....####.....#..
#.....# .....#
##.... ......>
##... ....<... #..
####.##. ##. ##


You could see an orc warrior, an orc wizard and an orc.

Vanquished Creatures
  The ghost of Masjack the Slasher, an amateur MiBe of Trog (D:4)
  Eustachio (D:5)
  Menkaure (D:4)
  A centaur (D:5)
  2 ogres (D:4)
  A scorpion (D:5)
  An iguana (D:5)
  Crazy Yiuf (D:2)
  A sleepcap (D:5)
  Ijyb (D:3)
  Terence (D:2)
  An orc wizard (D:5)
  6 adders
  4 gnolls (D:4)
  An ufetubus (D:4)
  A worm (D:5)
  A dart slug (D:2)
  10 orcs
  7 endoplasms
  4 giant cockroaches (D:1)
  4 goblins
  8 hobgoblins
  4 jackals (D:3)
  2 quokkas
  6 ball pythons
  5 bats
  3 frilled lizards
  4 kobolds
  2 rats
85 creatures vanquished.

Notes
Turn   | Place    | Note
-------+----------+-------------------------------------------
     0 | D:1      | lonewolfV2 the Merfolk Fighter began the quest for the Orb.
     0 | D:1      | Reached XP level 1. HP: 18/18 MP: 1/1
     1 | D:1      | Noticed an electric eel
   131 | D:1      | Reached skill level 3 in Polearms
   155 | D:1      | Reached XP level 2. HP: 24/24 MP: 2/2
   436 | D:1      | Reached XP level 3. HP: 30/30 MP: 3/3
   513 | D:1      | Found a faded altar of an unknown god.
   859 | D:2      | Reached skill level 4 in Polearms
   908 | D:2      | Found Duroqeuj's Armour Shoppe.
  1012 | D:2      | Noticed Terence
  1035 | D:2      | Killed Terence
  1036 | D:2      | Reached XP level 4. HP: 3/38 MP: 4/4
  1038 | D:2      | HP: 1/38 [hobgoblin (2)]
  1343 | D:2      | Found a burning altar of Makhleb.
  1362 | D:2      | Found a runed translucent door.
  1363 | D:2      | Noticed Crazy Yiuf
  1466 | D:2      | Killed Crazy Yiuf
  1675 | D:3      | Noticed Ijyb
  1693 | D:3      | Killed Ijyb
  1694 | D:3      | Reached skill level 5 in Polearms
  1694 | D:3      | Reached XP level 5. HP: 18/43 MP: 5/5
  1813 | D:3      | Reached skill level 5 in Fighting
  2145 | D:3      | Found an ornate altar of the Wu Jian Council.
  2819 | D:4      | Found a runed translucent door.
  2819 | D:4      | Noticed Masjack's ghost (amateur MiBe)
  2875 | D:4      | Noticed an ogre
  2881 | D:4      | Killed an ogre
  2882 | D:4      | Reached skill level 6 in Polearms
  2882 | D:4      | Reached XP level 6. HP: 38/51 MP: 6/6
  3120 | D:4      | Noticed Menkaure
  3133 | D:4      | Killed Menkaure
  3135 | D:4      | Found an iron altar of Okawaru.
  3135 | D:4      | Found an opulent altar of Gozag.
  3445 | D:4      | Reached skill level 7 in Polearms
  3445 | D:4      | Reached XP level 7. HP: 39/59 MP: 7/7
  3666 | D:4      | Found a hide-covered altar of Uskayaw.
  4241 | D:4      | Found a staircase to the Ecumenical Temple.
  4360 | Temple   | Entered the Ecumenical Temple
  4360 | Temple   | Found a transporter.
  4360 | Temple   | Found a transporter.
  4362 | Temple   | Found a transporter.
  4362 | Temple   | Found a transporter.
  4468 | Temple   | Became a worshipper of Dithmenos the Shadowed
  4578 | D:4      | Killed Masjack's ghost
  4953 | D:5      | Entered Level 5 of the Dungeon
  5173 | D:5      | Reached skill level 8 in Polearms
  5372 | D:5      | Reached skill level 1 in Invocations
  5468 | D:5      | Reached XP level 8. HP: 21/67 MP: 7/9
  5856 | D:5      | Noticed Eustachio
  5878 | D:5      | Killed Eustachio
  6114 | D:5      | Found Siuch's Magic Scroll Shop.
  6177 | D:6      | HP: 1/67 [orc warrior/+0 mace (11)]
  6178 | D:6      | Slain by an orc warrior

Illustrated notes

Levels and vault maps discovered:
D:1:      arrival_aquarium_a, layout_basic, ebering_ecumenical_altar_abandoned,
          minmay_box_of_dots
D:2:      layout_basic, serial_shops, nicolae_shop_waterfront, basic_altar,
          uniq_terence, uniq_crazy_yiuf_cottage
D:3:      layout_basic, mainiacjoe_overflow_small_starburst, uniq_ijyb
D:4:      layout_loops_ring, eat_drink_and_be_merry_uskayaw,
          mainiacjoe_overflow_large_starburst, minmay_temple_entry_poolview,
          hellmonk_ghost_happy_afterlife, uniq_menkaure
D:5:      layout_loops_ring, serial_shops, nicolae_shop_rolled_up,
          uniq_eustachio
D:6:      layout_cave_pools, serial_column_ruins, column_ruins_hut,
          column_ruins_open_small, column_ruins_open_small, column_ruins_grid_1,
          column_ruins_grid_2, uniq_sigmund, uniq_duvessa, uniq_grinder
Temple:   hellmonk_temple_divided_pantheon

Skill      XL: |  1  2  3  4  5  6  7  8 |
---------------+-------------------------+-----
Polearms       | 3 4 5 6 7 8 |  8.5
Fighting       | 4 5 6 7 |  7.0
Shields        | 4 |  4.4
Invocations    | 1 3 |  3.1
Armour         | |  2.1

Action                     |  1- 3 |  4- 6 |  7- 9 || total
---------------------------+-------+-------+-------++-------
  Melee: Trident           |   103 |   112 |   124 ||   339
  Evoke: Wand              |       |       |    16 ||    16
    Use: Scroll            |     4 |     3 |     5 ||    12
         Potion            |     1 |     4 |     4 ||     9
 Armour: Scale mail        |    37 |    24 |    49 ||   110
  Dodge: Dodged            |    29 |    33 |    47 ||   109
  Block: Buckler           |    17 |    15 |       ||    32
         Kite shield       |       |     2 |    68 ||    70
